 Dungeon Crawl Stone Soup version 0.31.0-11-ge490571c62 (webtiles) character file.

Game seed: 9987179182976014205

337 Daunt the Trooper (level 6, 0/78 HPs)
             Began as a Demigod Shapeshifter on Jan 30, 2024.
             Slain by Menkaure (13 damage)
             ... on level 5 of the Dungeon.
             The game lasted 00:09:12 (4457 turns).

Daunt the Trooper (Demigod Shapeshifter)            Turns: 4457, Time: 00:09:13

Health: 0/78       AC: 23    Str: 15    XL:     6   Next: 7%
Magic:  8/8        EV:  2    Int: 12    God:
Gold:   289        SH:  0    Dex: 21    Spells: 5/5 levels left

rFire   . . .        a - +0 sling
rCold   . . .        (no shield)
rNeg    . . .        u - melded +0 leather armour
rPois   +            (helmet currently unavailable)
rElec   .            (cloak currently unavailable)
rCorr   .            (gloves currently unavailable)
SInv    .            (boots currently unavailable)
Will    .....        (no amulet)
Stlth   ++           (no ring)
HPRegen 0.33/turn    (no ring)
MPRegen 0.11/turn

%: no passive effects
@: tree-form
A: stationary, stasis, torment immunity, boosted hp, high MP 1, forlorn, divine
attributes
a: no special abilities


You were on level 5 of the Dungeon.
You were a tree.
You visited 1 branch of the dungeon, and saw 5 of its levels.

You collected 289 gold pieces.

Inventory:

Hand Weapons
 a - a +0 sling (weapon)
Missiles
 g - 52 stones
 l - 2 poisoned darts
 v - a throwing net
Armour
 i - a +0 ring mail
 m - a +0 plate armour
 r - a +0 animal skin
 t - a +0 ring mail
 u - a +0 leather armour (melded)
Talismans
 c - a beast talisman
 d - a flux talisman
Scrolls
 e - 2 scrolls of immolation {unknown}
 j - a scroll of blinking {unknown}
 n - a scroll of butterflies {unknown}
 o - a scroll of teleportation {unknown}
 p - 6 scrolls of identify {unknown}
 q - 2 scrolls of revelation {unknown}
 w - a scroll of fear {unknown}
Potions
 b - 2 potions of lignification
 f - 2 potions of attraction {unknown}
 h - a potion of might {unknown}
 k - 2 potions of curing {unknown}
 s - a potion of brilliance {unknown}


   Skills:
 - Level 4.3 Fighting
 + Level 3.7 Ranged Weapons
 - Level 1.7 Dodging
 - Level 2.6 Unarmed Combat
 - Level 2.6 Shapeshifting


You had 5 spell levels left.
You didn't know any spells.
Your spell library contained the following spells:

 Spells                   Type           Power      Damage    Failure   Level
 Sting                    Conj/Alch      0%         1d3       32%         1
 Mercury Vapours          Alch/Air       0%         N/A       45%         2
 Olgreb's Toxic Radiance  Alch           0%         N/A       97%         4


Dungeon Overview and Level Annotations

Branches:
Dungeon (5/15)
 Temple: D:4-7

Annotations:
D:5 exclusion: bombardier beetle, Menkaure


Innate Abilities, Weirdness & Mutations

You are a tree.
Your roots penetrate the ground, keeping you stationary.
You cannot be teleported.
You are immune to unholy pain and torment.
Your maximum health is greatly increased.
Your equipment is partially melded.
You have an increased reservoir of magic. (+10% MP)
You shall have no god before yourself.
Your divine heritage dramatically boosts your attributes as you level up.


Message History

You shoot a sling bullet. The sling bullet hits the hound.
You kill the hound!
You have reached level 6!
Your experience leads to a dramatic increase in your attributes!
Increase (S)trength, (I)ntelligence, or (D)exterity?
You feel agile. x4
Unknown command.
Unknown command.
HP restored.
Menkaure, Prince of Dust comes into view.
Menkaure shouts!
You shoot a sling bullet.
The sling bullet barely misses Menkaure.
You shoot a sling bullet. The sling bullet hits Menkaure.
Menkaure is moderately damaged.
Menkaure gestures wildly while chanting.
Menkaure seems to speed up.
You shoot a sling bullet. The sling bullet hits Menkaure.
Menkaure is heavily damaged.
You shoot a sling bullet.
The sling bullet barely misses Menkaure.
You shoot a sling bullet. The sling bullet hits Menkaure!
Menkaure is almost destroyed.
Menkaure calls on the powers of darkness!
Your body is wracked with pain!
You shoot a sling bullet.
The sling bullet hits Menkaure but does no damage.
Menkaure is almost destroyed.
Menkaure calls on the powers of darkness!
Your body is wracked with pain!
* * * LOW HITPOINT WARNING * * *
Menkaure hits you.
* * * LOW HITPOINT WARNING * * *
Unknown command.
Unknown command.
Your transformation has ended.
You turn into a tree.
Your +0 leather armour melds into your body.
Your roots penetrate the ground.
Menkaure hits you!
You die...

#.#####......#
#...#..|#.##.#
#.#.#.###.##.#..
#.#............#
#.#..#.##.##.###
#..#.#.# .#
##.###..# .#
##.## ##.# .#
#♣## ##. .. ##M#
# .# #.# B. #.#
#.# ..B #.# .#


You could see Menkaure (fast) and a bombardier beetle.

Vanquished Creatures
  A scorpion (D:4)
  2 hounds
  An iguana (D:4)
  4 gnolls (D:4)
  8 adders
  A dart slug (D:3)
  6 ribbon worms
  4 ball pythons
  4 endoplasms
  4 giant cockroaches
  8 goblins
  11 hobgoblins
  2 jackals (D:1)
  2 quokkas (D:2)
  A bat (D:2)
  9 frilled lizards
  4 kobolds
  5 rats
77 creatures vanquished.

Notes
Turn   | Place    | Note
-------+----------+-------------------------------------------
     0 | D:1      | Daunt the Demigod Shapeshifter began the quest for the Orb.
     0 | D:1      | Reached XP level 1. HP: 15/15 MP: 3/3
    39 | D:1      | Reached skill level 1 in Fighting
   509 | D:1      | Reached skill level 2 in Fighting
   509 | D:1      | Reached XP level 2. HP: 24/24 MP: 4/4
  1506 | D:3      | Reached XP level 3. HP: 30/30 MP: 5/5
  1610 | D:2      | Reached skill level 3 in Fighting
  1986 | D:2      | Reached XP level 4. HP: 40/40 MP: 6/6
  2268 | D:3      | Reached skill level 4 in Fighting
  3309 | D:3      | Reached skill level 1 in Ranged Weapons
  3455 | D:4      | Reached XP level 5. HP: 18/46 MP: 7/7
  4414 | D:5      | Entered Level 5 of the Dungeon
  4437 | D:5      | Reached XP level 6. HP: 50/52 MP: 8/8
  4450 | D:5      | Noticed Menkaure
  4457 | D:5      | Slain by Menkaure

Illustrated notes

Levels and vault maps discovered:
D:1:      lightli_arrival_isolated_outpost, layout_loops_corners
D:2:      layout_basic, minmay_tall_x
D:3:      layout_basic
D:4:      layout_rooms
D:5:      cheibrodos_quashed, layout_loops_ring, nzn_wu_jian_council_hall,
          uniq_prince_ribbit1, uniq_menkaure

Skill      XL: |  1  2  3  4  5 |
---------------+----------------+-----
Fighting       | 2 3 4 |  4.3
Ranged Weapons | 2 3 |  3.7
Dodging        | |  1.7
Unarmed Combat | |  2.6
Shapeshifting  | |  2.6

Action                     |  1- 3 |  4- 6 || total
---------------------------+-------+-------++-------
  Melee: Unarmed           |   183 |   142 ||   325
         Punch             |     4 |     1 ||     5
   Fire: Sling             |       |    33 ||    33
    Use: Potion            |       |     2 ||     2
 Armour: Animal skin       |     8 |       ||     8
         Ring mail         |    24 |       ||    24
         Plate armour      |    94 |   114 ||   208
         Leather armour    |       |    17 ||    17
         Skin              |       |     2 ||     2
  Dodge: Dodged            |    46 |    38 ||    84
